 Dungeon Crawl Stone Soup version 0.27-a0-1182-gee19b5822f (webtiles) character file.

Game seed: 15366776908084632181

227716 Morbidden the Stormcaller (level 18, -7/149 HPs)
             Began as a Demigod Air Elementalist on May 14, 2021.
             Killed by an exploding deep troll (12 damage)
             ... ignited by their inner flame
             ... on level 1 of the Vaults on May 18, 2021.
             The game lasted 01:32:57 (42215 turns).

Morbidden the Stormcaller (DgAE)                   Turns: 42215, Time: 01:32:57

Health: -7/149     AC: 19    Str: 25    XL:     18   Next: 4%
Magic:  36/51      EV: 11    Int: 32    God:
Gold:   2386       SH: 17    Dex: 14    Spells: 34/46 levels left

rFire    . . .     SeeInvis .   a - staff of air
rCold    . . .     Faith    .   D - +0 tower shield
rNeg     . . .     Spirit   .   N - +4 ring mail "Ligge" {Regen+ Stlth+}
rPois    .         Reflect  .   u - +2 hat {Int+3}
rElec    +         Harm     .   O - +0 cloak
rCorr    .         Rampage  +   s - +2 pair of gloves
Will     +++..     Rnd*Rage +   V - +2 pair of boots {rampage}
Stlth    +++.......             F - amulet of magic regeneration
HPRegen  1.34/turn              f - ring of Yduutirph {*Slow Will++ Str+4 Slay+4}
MPRegen  0.57/turn              Y - ring of magical power

@: lethally poisoned (-7 -> -8), marked
A: high mp 1, forlorn, berserk 1
}: 1/15 runes: decaying
a: no special abilities


You were on level 1 of the Vaults.
You visited 6 branches of the dungeon, and saw 30 of its levels.
You also visited: Bailey.

You collected 4414 gold pieces.
You spent 2028 gold pieces at shops.

Inventory:

Hand Weapons
 b - a +3 scimitar of protection
Missiles
 k - a curare-tipped dart
 n - 5 boomerangs of dispersal
 y - 149 boomerangs
 P - 3 throwing nets
 W - 99 poisoned darts (quivered)
Armour
 s - a +2 pair of gloves (worn)
 u - a +2 hat of intelligence (worn)
 D - a +0 tower shield (worn)
 I - +0 acid dragon scales
 N - the +4 ring mail "Ligge" (worn) {Regen+ Stlth+}
   (You found it on level 11 of the Dungeon)

   It increases your rate of health regeneration.
   It makes you more stealthy.
 O - a +0 cloak (worn)
 V - a +2 pair of boots of rampaging (worn)
 Z - +0 fire dragon scales
Magical Staves
 a - a staff of air (weapon)
Jewellery
 f - the ring of Yduutirph (left hand) {*Slow Will++ Str+4 Slay+4}
   (You acquired it on level 3 of the Dungeon)

   [ring of slaying]

   It affects your strength (+4).
   It affects your accuracy and damage with ranged weapons and melee attacks
   (+4).
   It may slow you when you take damage.
   It greatly increases your willpower.
 j - an amulet of regeneration
 F - an amulet of magic regeneration (around neck)
 Y - a ring of magical power (right hand)
Wands
 i - a wand of charming (10)
 m - a wand of iceblast (5)
 w - a wand of paralysis (31)
 B - a wand of flame (88)
 L - a wand of digging (3)
 M - a wand of mindburst (30)
Scrolls
 c - 3 scrolls of magic mapping
 h - 11 scrolls of amnesia
 p - a scroll of brand weapon
 q - 5 scrolls of immolation
 r - 3 scrolls of noise
 x - 3 scrolls of fog
 H - 8 scrolls of identify
 J - 4 scrolls of teleportation
 R - 4 scrolls of enchant armour
 T - 7 scrolls of enchant weapon
Potions
 d - 3 potions of curing
 e - 5 potions of heal wounds
 g - 3 potions of flight
 l - 8 potions of mutation
 o - 7 potions of brilliance
 t - 2 potions of cancellation
 v - 4 potions of lignification
 z - 7 potions of magic
 A - 3 potions of might
 C - 4 potions of berserk rage {unknown}
 E - 5 potions of haste
 K - a potion of attraction
 S - a potion of resistance
 U - 4 potions of invisibility


   Skills:
 * Level 10.7 Fighting
 + Level 4.7(7.2) Short Blades
 * Level 8.6(9.2) Long Blades
 + Level 1.0 Staves
 + Level 0.5 Throwing
 + Level 4.4 Armour
 * Level 9.1 Dodging
 + Level 3.3 Stealth
 * Level 7.7 Shields
 - Level 0.4 Unarmed Combat
 * Level 14.5 Spellcasting
 * Level 9.1 Conjurations
 * Level 15.0 Air Magic
 + Level 0.4 Evocations


You had 34 spell levels left.
You knew the following spells:

 Your Spells              Type           Power      Damage    Failure   Level
a - Airstrike             Air            54%        N/A       1%          4
b - Lightning Bolt        Conj/Air       50%        1d71      5%          5
c - Shock                 Conj/Air       100%       1d9       1%          1
z - Static Discharge      Conj/Air       100%       N/A       1%          2

Your spell library contained the following spells:

 Spells                   Type           Power      Damage    Failure   Level
 Magic Dart               Conj           100%       1d8       1%          1
 Swiftness                Air            100%       N/A       1%          3
 Mephitic Cloud           Conj/Pois/Air  84%        N/A       3%          3
 Foxfire                  Conj/Fire      100%       2x1d9     4%          1
 Conjure Flame            Conj/Fire      51%        6-21      12%         3
 Stone Arrow              Conj/Erth      100%       3d13      12%         3
 Animate Skeleton         Necr           46%        N/A       26%         1
 Apportation              Tloc           46%        N/A       26%         1
 Corona                   Hex            25%        N/A       26%         1
 Freeze                   Ice            92%        1d10      26%         1
 Summon Small Mammal      Summ           92%        N/A       26%         1
 Blink                    Tloc           N/A        N/A       38%         2
 Call Imp                 Summ           23%        N/A       38%         2
 Passwall                 Tmut/Erth      19%        N/A       38%         2
 Slow                     Hex            23%        N/A       38%         2
 Hailstorm                Conj/Ice       51%        3d11      38%         4
 Sticky Flame             Conj/Fire      51%        2d7       38%         4
 Frozen Ramparts          Ice            46%        1d6       63%         3
 Ignite Poison            Fire/Tmut/Pois 23%        N/A       63%         3
 Inner Flame              Hex/Fire       23%        N/A       63%         3
 Ozocubu's Armour         Ice            23%        N/A       63%         3
 Portal Projectile        Hex/Tloc       46%        N/A       63%         3
 Fireball                 Conj/Fire      25%        3d11      75%         5
 Bolt of Magma            Conj/Fire/Erth 21%        4d11      91%         5
 Animate Dead             Necr           11%        N/A       95%         4
 Borgnjor's Vile Clutch   Necr/Erth      11%        N/A       100%        5
 Lee's Rapid Deconstruct  Erth           11%        3d9*      100%        5
 Metabolic Englaciation   Hex/Ice        11%        N/A       100%        5
 Summon Forest            Summ/Tloc      11%        N/A       100%        5
 Death Channel            Necr           11%        N/A       100%        6
 Simulacrum               Ice/Necr       11%        N/A       100%        6
 Ignition                 Fire           11%        3d5       100%        8


Dungeon Overview and Level Annotations

Branches:
Dungeon (15/15)            Temple (0/1) D:5            Lair (6/6) D:8
  Swamp (4/4) Lair:3       Spider (2/4) Lair:4        Slime (0/5) Lair:6
    Orc (2/2) D:9             Elf (0/3) Orc:2        Vaults (1/5) D:14
 Depths (0/5) D:15         Bailey (visited)

Shops:
D:3 ?   D:11 (   D:12 *   Orc:2 *([=

Portals:
Trove: D:13 (give 11 potions of heal wounds)

Annotations:
D:2 Sigmund
D:5 2 transporters
D:8 exclusion: hydra
D:10 Urug
Swamp:2 2 transporters, exclusion: obsidian statue


Innate Abilities, Weirdness & Mutations

Your attributes grow dramatically as you level up.
You have an increased reservoir of magic. (+10% MP)
You shall have no god before yourself.
You tend to lose your temper in combat.


Message History

Your vault sentinel hits the peacekeeper with a +0 morningstar.
The ironbound convoker is engulfed in blazing flames.
The ironbound convoker explodes!
The fiery explosion engulfs your vault sentinel!!!
Your vault sentinel's corpse dissolves into shadows!
The fiery explosion engulfs your deep troll!!
Flame seeps out of your deep troll.
Your deep troll is almost dead.
The fiery explosion engulfs you!!
* * * LOW HITPOINT WARNING * * *
The fiery explosion engulfs the eye of devastation.
Flame seeps out of the eye of devastation.
The eye of devastation is lightly wounded.
The fiery explosion engulfs your ironbound preserver!!
Flame seeps out of your ironbound preserver.
Your ironbound preserver is moderately wounded.
Your ironbound preserver dissolves into shadows!
Your deep troll dissolves into shadows!
Your vault sentinel explodes!
The fiery explosion engulfs the yaktaur captain!!!
The fiery explosion engulfs the peacekeeper!
The peacekeeper resists.
The peacekeeper is heavily damaged.
The peacekeeper roars!
The fiery explosion engulfs you!
* * * LOW HITPOINT WARNING * * *
The fiery explosion engulfs the deep troll!!
The fiery explosion engulfs the yaktaur!!
Flame seeps out of the yaktaur.
The yaktaur is severely wounded.
The deep troll explodes!
The fiery explosion engulfs the peacekeeper!
The peacekeeper resists.
The peacekeeper is severely damaged.
The fiery explosion engulfs the yaktaur!!!
The fiery explosion engulfs the yaktaur!!
Flame seeps out of the yaktaur.
The yaktaur is heavily wounded.
The fiery explosion engulfs you!
You die...

#.## ##..# #..##
##...# # #...##
##....#
###....######..cY.#
..............YTcO#
...............pT.#
################c##
#.[..§§§##
##...8○@§##
##.p.§○§.## #
##.T○G§..# ########
##p...T○.# #≈....≈#
##....u..# #≈.≈≈.≈#
##T..J...# #≈..≈§§#
##++#+### '§§.≈..#
...... #.≈.≈§§#
.##..


You could see a dire elephant (inner flame), a cyan very ugly thing (inner
flame), a vault warden (inner flame), an ironbound thunderhulk (inner flame), a
slime creature (inner flame), an eye of devastation (inner flame), 2 deep
trolls, 2 vault sentinels, a peacekeeper, 3 yaktaurs and 3 friendly deep trolls.

Vanquished Creatures
  Rupert (D:12)
  Gastronok (D:10)
  A thorn hunter (Swamp:4)
  Kirke (D:13)
  Louise (Spider:1)
  2 orc warlords
  2 ironbound preservers
  4 very ugly things (Vaults:1)
  A vampire knight (Swamp:4)
  A dire elephant (Vaults:1)
  2 bunyips
  Azrael (Orc:1)
  An ettin (Orc:1)
  A fire dragon (Lair:6)
  3 eleionomae
  Snorg (Orc:1)
  2 shambling mangroves (Swamp:4)
  A great orb of eyes (Vaults:1)
  2 yaktaur captains (Vaults:1)
  3 boulder beetles
  A ghost crab (Swamp:2)
  An ironbound frostheart (Vaults:1)
  13 hydras
  2 ogre magi (Vaults:1)
  3 two-headed ogres
  9 centaur warriors
  A death knight (D:14)
  7 alligators
  5 death yaks (Lair:5)
  A vampire mage (D:15)
  4 orc high priests
  2 tengu warriors (D:15)
  An ironbound beastmaster (Vaults:1)
  2 goliath frogs (Swamp:2)
  Nergalle (Lair:3)
  A fire crab (Vaults:1)
  3 deep trolls (Vaults:1)
  A golden dragon zombie (D:15)
  3 skeletal warriors
  5 bog bodies
  8 swamp dragons
  5 spriggan druids
  5 spectral hydras (Swamp:4)
  2 ironbound convokers
  7 orc knights
  2 lindwurms
  4 wizards
  3 deep elf pyromancers
  4 orb spiders (Spider:1)
  6 wolf spiders
  2 deep elf zephyrmancers (Orc:1)
  5 cyclopes
  A necromancer (D:15)
  3 orc sorcerers (Orc:1)
  3 oklob plants (Swamp:4)
  A will-o-the-wisp (Swamp:3)
  27 ugly things
  A stone giant zombie (D:15)
  3 manticores
  Maurice (D:12)
  A stone giant skeleton (D:15)
  4 vault sentinels (Vaults:1)
  9 elephants
  A centaur zombie (D:10)
  11 black mambas
  A guardian serpent (Lair:6)
  14 cane toads
  2 torpor snails
  2 molten gargoyles (Vaults:1)
  A gargoyle (D:13)
  Maggie (D:8)
  14 komodo dragons
  Psyche (D:9)
  2 demonic crawlers (Spider:1)
  An unseen horror (D:13)
  2 tengu conjurers (D:14)
  3 freezing wraiths
  3 yaktaurs (Vaults:1)
  2 rime drakes (Lair:5)
  9 tyrant leeches
  21 jumping spiders
  11 trolls
  3 death drake zombies (Swamp:4)
  2 polar bears
  12 hornets
  Grinder (D:6)
  A hydra zombie (Swamp:4)
  Prince Ribbit (Lair:1)
  20 blink frogs
  2 hydra skeletons (Swamp:4)
  A death drake skeleton (Swamp:4)
  8 slime creatures
  A centaur simulacrum (D:14)
  7 tarantellas
  2 wraiths
  Eustachio (D:4)
  17 redbacks
  9 spriggans
  15 wyverns
  Grum (D:10)
  46 yaks
  8 fire elementals
  2 steam dragons (Lair:6)
  4 basilisks
  3 hogs (D:13)
  10 wargs
  A vampire mosquito (D:14)
  A spatial vortex (Vaults:1)
  19 swamp worms
  An acid dragon (Lair:6)
  25 water moccasins
  Duvessa (D:7)
  2 hell hounds (Orc:1)
  7 swamp drakes
  A tengu skeleton (D:15)
  A black bear (D:8)
  3 sky beasts
  46 orc warriors
  A black bear (shapeshifter) (D:14)
  11 ogres
  11 wolves
  2 necrophages
  3 swamp dragon zombies (Swamp:4)
  5 centaurs
  2 phantoms
  3 kobold brigands
  8 bullfrogs
  A wyvern zombie (D:8)
  A scorpion (shapeshifter) (D:14)
  2 scorpions
  Dowan (D:7)
  A wyvern skeleton (D:6)
  9 wights
  5 howler monkeys
  9 electric eels
  A crimson imp (Orc:1)
  2 lava snakes (Vaults:1)
  4 hounds
  An iron imp (Orc:1)
  13 orc priests
  A bullfrog skeleton (D:6)
  3 centaur skeletons (D:7)
  A gnoll shaman (D:5)
  3 jellies
  Ijyb (D:4)
  9 iguanas
  23 orc wizards
  5 hell rats (Lair:3)
  2 killer bee zombies
  A howler monkey zombie (D:8)
  23 gnolls
  6 adders
  A river rat (Lair:1)
  A shadow imp (D:8)
  4 white imps
  An ufetubus (D:7)
  3 worms
  3 dart slugs
  73 orcs
  4 bats
  9 endoplasms
  2 giant cockroaches
  4 goblins
  10 hobgoblins
  3 jackals (D:1)
  28 kobolds
  3 quokkas
  7 ball pythons
  A frilled lizard (D:1)
  25 rats
948 creatures vanquished.

Vanquished Creatures (collateral kills)
  A hydra zombie (Swamp:4)
  A vampire knight (Swamp:4)
  A spectral hydra (Swamp:4)
3 creatures vanquished.

Vanquished Creatures (others)
  A lindwurm (Vaults:1)
  An orc wizard (Orc:1)
  A shadow imp (Orc:1)
  5 orcs (Orc:1)
  63 fungi
  184 plants
  9 withered plants (D:15)
264 creatures vanquished.

Grand Total: 1215 creatures vanquished

Notes
Turn   | Place    | Note
-------+----------+-------------------------------------------
     0 | D:1      | Morbidden the Demigod Air Elementalist began the quest for
                  | the Orb.
     0 | D:1      | Reached XP level 1. HP: 14/14 MP: 5/5
   257 | D:1      | Reached skill level 3 in Air Magic
   484 | D:1      | Reached XP level 2. HP: 20/20 MP: 1/7
  1015 | D:2      | Reached skill level 1 in Conjurations
  1265 | D:2      | Noticed Sigmund
  1297 | D:2      | Reached XP level 3. HP: 12/26 MP: 0/8
  1511 | D:2      | Learned a level 2 spell: Static Discharge
  2541 | D:3      | Reached XP level 4. HP: 23/34 MP: 8/10
  2776 | D:3      | Reached skill level 1 in Short Blades
  3072 | D:3      | Found Nofon's Magic Scroll Emporium.
  3709 | D:4      | Noticed Ijyb
  3712 | D:4      | Reached XP level 5. HP: 39/39 MP: 6/11
  3730 | D:4      | Killed Ijyb
  3731 | D:4      | Reached skill level 4 in Air Magic
  3885 | D:4      | Reached skill level 1 in Fighting
  4123 | D:4      | Noticed an ogre
  4145 | D:4      | Noticed Eustachio
  4312 | D:4      | Killed Eustachio
  4313 | D:4      | Reached XP level 6. HP: 34/48 MP: 2/13
  4527 | D:4      | Learned a level 4 spell: Airstrike
  4691 | D:5      | Entered Level 5 of the Dungeon
  4746 | D:5      | Reached XP level 7. HP: 53/55 MP: 4/14
  5198 | D:5      | Found a staircase to the Ecumenical Temple.
  5672 | D:5      | Found a transporter.
  5695 | D:5      | Found a transporter.
  5869 | D:6      | Reached skill level 1 in Armour
  5871 | D:6      | Reached skill level 5 in Air Magic
  5871 | D:6      | Reached XP level 8. HP: 47/63 MP: 9/17
  6283 | D:6      | Noticed Grinder
  6297 | D:6      | Killed Grinder
  6919 | D:7      | Found a flagged portal.
  6929 | Bailey   | Entered a bailey
  7203 | Bailey   | Reached XP level 9. HP: 61/71 MP: 8/20
  7224 | Bailey   | Reached skill level 5 in Spellcasting
  7369 | Bailey   | Reached skill level 6 in Air Magic
  7634 | D:7      | Upgraded the game from 0.27-a0-1154-gfdeffcb720 to
                  | 0.27-a0-1158-gaa87e14f67
  8051 | D:7      | Reached skill level 1 in Long Blades
  8470 | D:7      | Noticed Duvessa
  8473 | D:7      | Noticed Dowan
  8478 | D:7      | Killed Duvessa
  8480 | D:7      | Killed Dowan
  9270 | D:8      | Noticed an eight-headed hydra
  9328 | D:8      | Noticed Maggie
  9331 | D:8      | Gained mutation: You tend to lose your temper in combat.
                  | [potion of mutation]
  9339 | D:8      | Killed Maggie
  9542 | D:8      | Noticed a two-headed ogre
  9548 | D:8      | Killed a two-headed ogre
  9549 | D:8      | Reached skill level 7 in Air Magic
  9645 | D:8      | Reached XP level 10. HP: 80/80 MP: 4/23
  9964 | D:8      | Found a staircase to the Lair.
 11053 | D:9      | Reached skill level 5 in Fighting
 11143 | D:9      | Found a staircase to the Orcish Mines.
 11528 | D:9      | Noticed Psyche
 11531 | D:9      | Killed Psyche
 11752 | D:9      | Reached skill level 1 in Shields
 11752 | D:9      | Reached skill level 5 in Conjurations
 11752 | D:9      | Reached skill level 8 in Air Magic
 11910 | D:10     | Entered Level 10 of the Dungeon
 12147 | D:10     | Noticed Grum
 12163 | D:10     | Killed Grum
 12542 | D:10     | Noticed a boulder beetle
 12553 | D:10     | Killed a boulder beetle
 12611 | D:10     | Reached XP level 11. HP: 86/86 MP: 15/27
 12626 | D:10     | Noticed Gastronok
 12736 | D:10     | Killed Gastronok
 12753 | D:10     | Noticed Urug
 13058 | Lair:1   | Entered Level 1 of the Lair of Beasts
 13127 | Lair:1   | Noticed a five-headed hydra
 13131 | Lair:1   | Killed a five-headed hydra
 13242 | Lair:1   | Noticed Prince Ribbit
 13252 | Lair:1   | Killed Prince Ribbit
 13359 | Lair:1   | Reached skill level 9 in Air Magic
 13809 | Lair:1   | Identified the +0 robe "Lomeunt" {Slay+2}
 14337 | Lair:2   | Noticed a six-headed hydra
 15491 | Lair:3   | Reached XP level 12. HP: 96/96 MP: 15/30
 15728 | Lair:3   | Noticed an eight-headed hydra
 15912 | Lair:3   | Noticed Nergalle
 15922 | Lair:3   | Killed Nergalle
 15928 | Lair:3   | Noticed a six-headed hydra
 15978 | Lair:3   | Killed a six-headed hydra
 15979 | Lair:3   | Reached skill level 5 in Dodging
 16274 | Lair:3   | Reached skill level 10 in Air Magic
 16516 | Lair:3   | Reached skill level 10 in Spellcasting
 16599 | Lair:3   | Killed an eight-headed hydra
 16911 | Lair:3   | Found a staircase to the Swamp.
 17369 | Lair:4   | Reached skill level 5 in Long Blades
 18037 | Lair:4   | Found a hole to the Spider Nest.
 18627 | Lair:5   | Reached XP level 13. HP: 100/104 MP: 10/32
 19075 | Lair:4   | Learned a level 5 spell: Lightning Bolt
 19975 | Lair:5   | Reached skill level 11 in Air Magic
 20410 | Lair:6   | Entered Level 6 of the Lair of Beasts
 21197 | Lair:6   | Identified the Reference Book on Earth and the Voyage
 21662 | Lair:6   | Found a staircase to the Slime Pits.
 23147 | D:3      | Bought a scroll of acquirement for 676 gold pieces
 23147 | D:3      | Acquired 1257 gold pieces
 23150 | D:3      | Acquired a +1 pair of boots of rampaging
 23160 | D:3      | Bought a scroll of acquirement for 676 gold pieces
 23160 | D:3      | Bought a scroll of acquirement for 676 gold pieces
 23162 | D:3      | Acquired the ring of Yduutirph {*Slow Will++ Str+4 Slay+4}
 23163 | D:3      | Acquired a staff of air
 23863 | D:11     | Reached XP level 14. HP: 101/113 MP: 21/34
 24016 | D:11     | Identified the +4 ring mail "Ligge" {Regen+ Stlth+}
 24298 | D:11     | Found Gyked's Weapon Boutique.
 24514 | D:12     | Noticed Maurice
 24566 | D:12     | Killed Maurice
 24688 | D:12     | Reached skill level 12 in Air Magic
 24707 | D:12     | Found Xuqodyu Hori's Assorted Antiques.
 24900 | D:12     | Identified the +0 robe "Ompuun" {Drain rElec Regen+ Stlth+}
 24945 | D:12     | Noticed Rupert
 24963 | D:12     | Killed Rupert
 24964 | D:12     | Reached skill level 5 in Shields
 25781 | D:13     | Noticed Kirke
 25790 | D:13     | Killed Kirke
 25860 | D:13     | Found a portal to a secret trove of treasure.
 26539 | D:14     | Noticed an ironbound preserver
 26544 | D:14     | Killed an ironbound preserver
 26693 | D:14     | Found a gate to the Vaults.
 27992 | D:15     | Entered Level 15 of the Dungeon
 28154 | D:15     | Identified the +6 broad axe "Fyfefe Dirph" {venom, Int+3
                  | Dex+3 SInv}
 28304 | D:15     | Reached skill level 13 in Air Magic
 28396 | D:15     | Found a staircase to the Depths.
 28412 | D:15     | Reached XP level 15. HP: 92/120 MP: 31/36
 29445 | Orc:1    | Entered Level 1 of the Orcish Mines
 31183 | Orc:2    | Entered Level 2 of the Orcish Mines
 31183 | Orc:2    | Found a staircase to the Elven Halls.
 31183 | Orc:2    | Noticed Azrael
 31192 | Orc:1    | Killed Azrael
 31289 | Orc:2    | Found Ibiustro's Antique Weapon Shop.
 31582 | Orc:2    | Noticed Snorg
 31587 | Orc:1    | Killed Snorg
 32266 | Orc:2    | Found Odwofoe's Antique Armour Boutique.
 32396 | Orc:2    | Found Cecic's General Store.
 32781 | Orc:2    | Found Ficapn's Jewellery Emporium.
 33517 | Spider:1 | Entered Level 1 of the Spider Nest
 33546 | Spider:1 | Noticed Louise
 34200 | Spider:1 | Killed Louise
 35147 | Spider:1 | Upgraded the game from 0.27-a0-1158-gaa87e14f67 to
                  | 0.27-a0-1180-g7fc4abc71e
 35227 | Swamp:1  | Entered Level 1 of the Swamp
 35320 | Swamp:1  | Reached XP level 16. HP: 116/132 MP: 29/38
 35650 | Swamp:1  | Reached skill level 14 in Air Magic
 36455 | Swamp:2  | Noticed a tentacled monstrosity
 36459 | Swamp:2  | Found a transporter.
 36459 | Swamp:2  | Found a transporter.
 37973 | Swamp:4  | Entered Level 4 of the Swamp
 39375 | Swamp:4  | Reached skill level 10 in Fighting
 39375 | Swamp:4  | Reached XP level 17. HP: 140/140 MP: 37/40
 40069 | Swamp:4  | Reached skill level 1 in Staves
 40679 | Swamp:4  | Got a decaying rune of Zot
 41244 | Vaults:1 | Entered Level 1 of the Vaults
 41741 | Vaults:1 | Identified the Volume of Heat
 41982 | D:14     | Reached skill level 15 in Air Magic
 41982 | D:14     | Upgraded the game from 0.27-a0-1180-g7fc4abc71e to
                  | 0.27-a0-1182-gee19b5822f
 42025 | Vaults:1 | Reached XP level 18. HP: 124/149 MP: 42/42
 42215 | Vaults:1 | HP: 5/149 [spore (9)]
 42215 | Vaults:1 | Killed by an exploding deep troll... ignited by their inner
                  | flame

Illustrated notes

Levels and vault maps discovered:
D:1:      minmay_arrival_three_doors, layout_basic,
          hellmonk_ecumenical_altar_pennies_from_heaven
D:2:      layout_basic, minmay_misc_feat_room, uniq_sigmund
D:3:      layout_loops_ring, nicolae_overflow_hidden_temple, serial_shops, shop
D:4:      layout_cave_pools, lemuel_doored_altar, kennysheep_decorative_pillar,
          minmay_rat_hole, uniq_eustachio, uniq_ijyb
D:5:      gammafunk_wand_slinger, layout_basic, temple_statues
D:6:      layout_loops_ring, grunt_gozag_breadcrumbs, minmay_bent, uniq_grinder
D:7:      layout_basic, minitemple, enter_bailey_6,
          chequers_serial_rivers_room_b, minmay_crossroads, uniq_duvessa
D:8:      layout_loops_ring, general_overflow_altar, minmay_lair_entry_grove,
          uniq_maggie
D:9:      layout_roguey, lemuel_coloured_pillars_altar, orc_0_dummy, uniq_psyche
D:10:     layout_basic, kennysheep_mini_moat, minmay_misc_feat_doors,
          lemuel_flamethrower_2, uniq_grum, uniq_gastronok, uniq_urug
D:11:     layout_roguey, serial_shops, shop
D:12:     layout_loops_ring, serial_shops, nicolae_shop_overgrown_old_shop,
          uniq_maurice, uniq_rupert
D:13:     layout_rooms, nicolae_trove_entry_crystal, uniq_kirke
D:14:     layout_irregular_city, skrybe_vaults_entry_preservation,
          nicolae_ru_awakened_eye
D:15:     gammafunk_depths_entry_grave, layout_basic
Lair:1:   layout_regular_city, pond, uniq_prince_ribbit2
Lair:2:   layout_big_grid
Lair:3:   layout_layer_cave, nicolae_swamp_entry_splash_gauntlet,
          lemuel_fruit_fields, lemuel_fruit_fields, uniq_nergalle
Lair:4:   layout_regular_city, spider_nest_entry_funnel_web,
          beast_lair_carwin_8, grunt_megastairs_1
Lair:5:   layout_loops_ring, wad_woods_river_01
Lair:6:   hangedman_lair_tendril_chambers, layout_hall_layers,
          guppyfry_lair_end_dragon, minmay_slime_entry_pillars,
          serial_bayou_lagoon_a, columned_hall_lemuel,
          chequers_serial_rivers_large_b
Swamp:1:  layout_basic_swamp, evilmike_swamp_ruin_rubble_2
Swamp:2:  gammafunk_sealed_arena, layout_falls_marsh, serial_swamp_ruin,
          evilmike_swamp_ruin_house_1, evilmike_swamp_ruin_house_3,
          evilmike_swamp_ruin_house_4
Swamp:3:  layout_basic_swamp, evilmike_swamp_ruin_house_5
Swamp:4:  byrel_swamp_growth_death_and_undeath, layout_basic_swamp
Spider:1: layout_spider_delve, hangedman_spider_tarantella_strand, uniq_louise
Spider:2: layout_spider_delve, uniq_aizul
Orc:1:    layout_diamond_mine, hangedman_minor_magic
Orc:2:    grunt_orc_gardens, layout_caves, grunt_orc_garden, grunt_orc_garden,
          grunt_orc_garden, grunt_orc_garden, nooodl_orcs_dogs, uniq_azrael,
          uniq_snorg
Vaults:1: grunt_vaults_hallway_long, vaults_room_ringed_pool, v_alt_pattern_6,
          ontoclasm_vaults_eye, nicolae_vaults_rhombus_7,
          ontoclasm_vaults_shuriken, dpeg_vaults_monster_row, st_check,
          vaults_mumra_chevron_long, v_alt_pattern_6,
          nicolae_vaults_specimen_jars, vaults_dpeg_cross,
          layout_vaults_big_room, serial_hangedman_research,
          hangedman_research_toxicology, hangedman_research_electronics,
          hangedman_research_pyrotechnics, hangedman_research_quantum

Skill      XL: |  1  2  3  4  5  6  7  8  9 10 11 12 13 14 15 16 17 |
---------------+----------------------------------------------------+-----
Air Magic      | 3 4 5 7 8 9 10 11 13 14 15 | 15.0
Spellcasting   | 2 3 4 6 8 9 10 11 12 13 14 | 14.5
Conjurations   | 1 2 3 4 5 6 7 8 9 |  9.1
Short Blades   | 1 2 3 4 |  4.7
Fighting       | 2 3 4 5 6 7 8 9 10 | 10.7
Stealth        | 2 3 |  3.3
Dodging        | 2 3 4 5 6 7 8 9 |  9.1
Armour         | 1 2 3 4 |  4.4
Long Blades    | 2 3 4 5 6 7 8 |  8.6
Shields        | 1 3 4 5 7 |  7.7
Staves         | 1 |  1.0
Throwing       | |  0.5
Unarmed Combat | |  0.4
Evocations     | |  0.4

Action                   |  1- 3 |  4- 6 |  7- 9 | 10-12 | 13-15 | 16-18 || total
-------------------------+-------+-------+-------+-------+-------+-------++-------
Melee: Unarmed           |    14 |       |       |       |       |       ||    14
       Short sword       |    22 |    98 |   119 |    62 |       |       ||   301
       Punch             |       |       |     1 |     1 |       |       ||     2
       Scimitar          |       |       |       |    83 |   259 |    43 ||   385
       Staff             |       |       |       |       |    99 |    43 ||   142
Throw: Dart              |       |       |       |     3 |    14 |    20 ||    37
       Boomerang         |       |       |       |     4 |     4 |       ||     8
 Cast: Shock             |    61 |    85 |   129 |     7 |     1 |       ||   283
       Static Discharge  |     4 |    14 |    21 |    29 |    92 |    16 ||   176
       Airstrike         |       |       |    48 |   361 |   651 |   410 ||  1470
       Lightning Bolt    |       |       |       |       |   181 |    46 ||   227
Evoke: Wand              |       |       |     7 |     1 |     7 |    10 ||    25
  Use: Scroll            |       |       |     2 |     6 |    12 |    20 ||    40
       Potion            |       |       |     2 |     2 |    12 |     7 ||    23
 Stab: Sleeping          |       |     2 |     1 |       |       |       ||     3
       Distracted        |       |     2 |       |       |     1 |       ||     3
       Paralysed         |       |       |     2 |       |     3 |       ||     5
       Confused          |       |       |       |       |     2 |       ||     2
Armor: Robe              |     6 |    33 |       |       |       |       ||    39
       Leather armour    |       |     5 |    31 |       |       |       ||    36
       Troll leather arm |       |       |       |    76 |    73 |       ||   149
       Acid dragon scale |       |       |       |     2 |       |       ||     2
       Ring mail         |       |       |       |       |   328 |   115 ||   443
       Skin              |       |       |       |       |       |     2 ||     2
Dodge: Dodged            |    34 |   195 |   154 |   216 |   552 |    83 ||  1234
Block: Tower shield      |       |       |       |       |   123 |   181 ||   304
       Buckler           |       |       |       |       |   135 |       ||   135
       Rpst.: Scimitar   |       |       |       |    28 |    68 |     8 ||   104

Table legend: (Time is in decaauts)
 A = Elapsed time spent in this place.
 B = Non-inter-level travel time spent in this place.
 C = Inter-level travel time spent in this place.
 D = Time resting spent in this place.
 E = Time spent auto-exploring this place.
 F = Levels seen in this place.
 G = Mean time per level.
                   A        B        C        D        E       F      G
               +--------+--------+--------+--------+--------+-----+--------+
         Total |  42776 |  40045 |   2731 |   5035 |  28444 |  31 | 1379.9 |
       Dungeon |  20066 |  18303 |   1763 |   1582 |  14030 |  15 | 1337.7 |
          Lair |  10499 |   9890 |    609 |   1354 |   6965 |   6 | 1749.8 |
         Swamp |   5883 |   5678 |    205 |   1207 |   3619 |   4 | 1470.8 |
   Spider Nest |   1696 |   1662 |     34 |    425 |    943 |   2 |  848.0 |
  Orcish Mines |   2982 |   2865 |    117 |    375 |   1821 |   2 | 1491.0 |
        Vaults |    947 |    947 |      0 |     60 |    580 |   1 |  947.0 |
        Bailey |    701 |    701 |      0 |     32 |    484 |   1 |  701.0 |
               +--------+--------+--------+--------+--------+-----+--------+

Top non-repeatable levels by time:
 Swamp:4: 2695 daAuts
  Lair:6: 2570 daAuts
  Lair:3: 2180 daAuts
     D:9: 2099 daAuts
  Lair:5: 2010 daAuts
     D:8: 1897 daAuts
     D:7: 1705 daAuts
  Lair:1: 1702 daAuts
   Orc:1: 1572 daAuts
    D:14: 1522 daAuts
     D:3: 1489 daAuts
   Orc:2: 1410 daAuts
Spider:1: 1335 daAuts
    D:15: 1326 daAuts
    D:13: 1309 daAuts
